 Dungeon Crawl Stone Soup version 0.23.2 (webtiles) character file.

Game seed: 1911746944245992919

277 Borgoz the Skirmisher (level 6, -3/38 HPs)
             Began as a Gargoyle Fighter on Apr 2, 2019.
             Killed by divine providence
             ... invoked by an orc priest
              (14 damage)
             ... on level 3 of the Dungeon.
             The game lasted 00:05:19 (2697 turns).

Borgoz the Skirmisher (Gargoyle Fighter)            Turns: 2697, Time: 00:05:20

Health: -3/38      AC: 13    Str: 19    XL:     6   Next: 25%
Magic:  6/6        EV: 10    Int:  9    God:
Gold:   157        SH:  0    Dex: 11    Spells: 5/5 levels left

rFire    . . .     SeeInvis .   a - +0 rapier
rCold    . . .     Gourm    .   (no shield)
rNeg     + . .     Faith    .   b - +0 scale mail
rPois    ∞         Spirit   .   (no helmet)
rElec    +         Reflect  .   g - +0 cloak
rCorr    .         Harm     .   i - +0 pair of gloves
MR       .....                  (no boots)
Stlth    ..........             (no amulet)
HPRegen  0.12/turn              (no ring)
MPRegen  0.10/turn              (no ring)

@: lightly drained
A: negative energy resistance 1, electricity resistance, unbreathing,
petrification resistance, rot immunity, AC +4
a: no special abilities


You were on level 3 of the Dungeon.
You were not hungry.

You visited 1 branch of the dungeon, and saw 4 of its levels.

You collected 157 gold pieces.

Inventory:

Hand Weapons
 a - a +0 rapier (weapon)
Armour
 b - a +0 scale mail (worn)
 c - a +0 shield
 g - a +0 cloak (worn)
 i - a +0 pair of gloves (worn)
Wands
 k - a wand of iceblast (13)
Scrolls
 e - 3 scrolls of teleportation {unknown}
 l - 2 scrolls of identify {unknown}
 m - a scroll of fear {unknown}
 n - a scroll of magic mapping {unknown}
 o - a scroll of enchant armour {unknown}
 q - a scroll of enchant weapon {unknown}
 r - a scroll of blinking {unknown}
Potions
 d - a potion of might
 h - a potion of brilliance {unknown}
 j - a potion of degeneration {unknown}
 p - a potion of curing {unknown}
Comestibles
 f - 9 rations
 s - 7 chunks of flesh


   Skills:
 + Level 4.1(4.0) Fighting
 * Level 3.4(3.3) Short Blades
 + Level 4.1(4.0) Armour
 * Level 2.4 Dodging
 + Level 2.2(2.1) Stealth
 - Level 3.3(3.2) Shields


You had 5 spell levels left.
You didn't know any spells.
Your spell library was empty.

Dungeon Overview and Level Annotations

Branches:
Dungeon (4/15)
 Temple: D:4-7

Altars:
Okawaru


Innate Abilities, Weirdness & Mutations

You are resistant to torment.
Your stone body is resilient. (AC +4)
You are immune to poison.
You resist negative energy. (rN+)
You are resistant to electric shocks. (rElec)
You can survive without breathing.
You are immune to petrification.
You are immune to rotting.


Message History

There is a stone staircase leading up here.
You hit the orc priest but do no damage.
The orc priest calls down the wrath of Beogh upon you.
Pain shoots through your body!
The adder zombie bites you but does no damage.
The orc priest calls down the wrath of Beogh upon you.
Beogh smites you! The adder zombie bites you. The orc priest barely misses you.
The orc priest hits you with a +0 short sword.
* * * LOW HITPOINT WARNING * * *
You climb upwards.
There is a stone staircase leading down here.
You hit the orc priest.
The orc priest is lightly wounded.
The orc priest closely misses you.
You puncture the orc priest!
The orc priest is severely wounded.
The orc priest invokes the aid of Beogh against you.
Beogh smites you!
You die...

#####......###.##.##.#
##.#####......##.#
#.#####.#.#####..
#.##............#
##.##.......##....
#..##.......##.#..
#.###.......##.... #o#
#.......##...# #@#
#....[..#..... #[#
#.......#..#.) #.#
#########.##.. #.#
#..#.) #.#####
####..... #.....##
#.......# ####...#
#........
#...###.#......
#..........#..#


You could see an orc priest.

Vanquished Creatures
  The ghost of rok the Vandal, an amateur HaHu (D:3)
  An orc priest (D:3)
  Jessica (D:2)
  4 adders
  3 worms (D:3)
  3 dart slugs
  4 leopard geckos
  8 orcs (D:3)
  8 giant cockroaches
  7 goblins
  6 hobgoblins
  5 jackals
  A quokka (D:3)
  12 bats
  6 frilled lizards
  8 kobolds
  6 rats
84 creatures vanquished.

Vanquished Creatures (others)
  2 withered plants (D:3)
2 creatures vanquished.

Grand Total: 86 creatures vanquished

Notes
Turn   | Place    | Note
-------+----------+-------------------------------------------
     0 | D:1      | Borgoz the Gargoyle Fighter began the quest for the Orb.
     0 | D:1      | Reached XP level 1. HP: 14/14 MP: 1/1
   217 | D:1      | Reached XP level 2. HP: 19/19 MP: 2/2
   593 | D:1      | Reached XP level 3. HP: 22/23 MP: 3/3
   769 | D:1      | Reached skill level 1 in Dodging
   769 | D:1      | Reached skill level 1 in Stealth
  1118 | D:2      | Noticed Jessica
  1146 | D:2      | Killed Jessica
  1146 | D:2      | Reached XP level 4. HP: 16/28 MP: 4/4
  1643 | D:3      | Found an iron altar of Okawaru.
  1689 | D:3      | Found a runed translucent door.
  1689 | D:3      | Noticed rok's ghost (amateur HaHu)
  1746 | D:3      | Reached XP level 5. HP: 15/33 MP: 5/5
  2254 | D:3      | Killed rok's ghost
  2254 | D:3      | Reached XP level 6. HP: 24/38 MP: 6/6
  2697 | D:3      | Killed from afar by an orc priest

Skill      XL: |  1  2  3  4  5 |
---------------+----------------+-----
Short Blades   | 2 3 |  3.4
Dodging        | 1 2 |  2.4
Stealth        | 1 2 |  2.2
Fighting       | 4 |  4.1
Armour         | 4 |  4.1
Shields        | |  3.3

Action                   |  1- 3 |  4- 6 || total
-------------------------+-------+-------++-------
Melee: Rapier            |   140 |   200 ||   340
  Eat: Chunk             |     1 |     5 ||     6
Armor: Scale mail        |   108 |   133 ||   241
Dodge: Dodged            |   103 |   122 ||   225
Block: Shield            |    23 |       ||    23
